[Event "Early-Titled-Tuesday-Blitz-September-05-2023"]
[Site "Chess.com"]
[Date "2023.09.05"]
[Round "2"]
[White "nrvisakh"]
[Black "WPWPWP-2015"]
[Result "1-0"]
[WhiteElo "2826"]
[BlackElo "2563"]
[TimeControl "180+1"]
[EndTime "8:15:04 PDT"]
[Termination "nrvisakh won by checkmate"]

1. Nf3 Nf6 2. b3 d5 3. Bb2 Bg4 4. e3 e6 5. Be2 a5 6. a3 Be7 7.
O-O O-O 8. Ne5 Bxe2 9. Qxe2 Nbd7 10. f4 a4 11. d3 axb3 12. cxb3 Nc5 13. Nd2 c6 14. Rf3 Qb6 15. Bd4 Qc7 16. Rg3 g6 17.
Rh3 Ncd7 18. Nxd7 Qxd7 19. Nf3 c5 20. Be5 Qd8 21. Ng5 c4 22. dxc4 dxc4 23. Rd1 Qb6 24. Bxf6 Bxf6 25. Nxh7 Be7 26. Nxf8 Bxf8 27. Qxc4 Rxa3 28. Qc3 Bg7 29. Qc8+ Bf8 30. Rh8+ Kxh8 31. Qxf8+ Kh7 32. Qxf7+ Kh6 33. Qf8+ Kh5 34. Qh8+ Kg4 35. Qh3# 1-0

[Event "Early-Titled-Tuesday-Blitz-September-05-2023"]
[Site "Chess.com"]
[Date "2023.09.05"]
[Round "2"]
[White "Bigfish1995"]
[Black "play1ngtheangel"]
[Result "1-0"]
[WhiteElo "3101"]
[BlackElo "2674"]
[TimeControl "180+1"]
[EndTime "8:15:07 PDT"]
[Termination "Bigfish1995 won by resignation"]

1. a3 e5 2. Ra2 Nf6 3. Ra1 d5 4. Ra2 Bc5 5. e3 O-O 6. b4 Bb6 7. c4 dxc4 8. Bxc4 Be6 9. Bxe6 fxe6 10. Nc3 Qd3 11. Nf3 Ng4 12. Qc2 Qd8 13. h3 Nh6 14.
Nxe5 Qg5 15. Qe4 Nc6 16. Nxc6 bxc6 17. O-O Nf5 18. a4 a5 19. Ba3 Rf6 20. Qxc6 Rd8 21. Ne4 Ne7 22. Qxb6 Qd5 23. Nxf6+ gxf6 24. Qxc7 Qxg2+ 1-0

[Event "Early-Titled-Tuesday-Blitz-September-05-2023"]
[Site "Chess.com"]
[Date "2023.09.05"]
[Round "2"]
[White "VitaliyBernadskiy"]
[Black "ChainedDowntohell"]
[Result "1-0"]
[WhiteElo "2827"]
[BlackElo "2560"]
[TimeControl "180+1"]
[EndTime "8:15:11 PDT"]
[Termination "VitaliyBernadskiy won by resignation"]

1. d4 Nf6 2. c4 e6 3. Nc3 Bb4 4. e3 b6 5. Ne2 Bb7 6. a3 Be7 7.
d5 a5 8. Nd4 O-O 9. Bd3 c6 10.
e4 cxd5 11. cxd5 exd5 12. exd5 Bc5 13. Be3 h6 14. Bc4 b5 15. Ndxb5 Bxe3 16. fxe3 Re8 17. O-O Qb6 18. Qd4 Qxd4 19. exd4 Rc8 20. Nd6 Rxc4 21.
Nxc4 Na6 22. Nxa5 Bxd5 23. Rxf6 1-0

[Event "Early-Titled-Tuesday-Blitz-September-05-2023"]
[Site "Chess.com"]
[Date "2023.09.05"]
[Round "2"]
[White "Truequitos"]
[Black "chess123456s"]
[Result "0-1"]
[WhiteElo "2415"]
[BlackElo "2664"]
[TimeControl "180+1"]
[EndTime "8:15:12 PDT"]
[Termination "chess123456s won by resignation"]

1. e4 e5 2. Nf3 Nc6 3. d4 exd4 4. Bc4 Nf6 5. e5 d5 6. Bb5 Ne4 7. Nxd4 Bc5 8. O-O O-O 9. Nxc6 bxc6 10. Bxc6 Ba6 11.
Be3 Bxe3 12. fxe3 Bxf1 13. Bxa8 Bc4 14. Bc6 Qg5 15. Qf3 Qxe5 16. c3 Qd6 17. Ba4 Qa6 18. Bc2 Be2 19. Qf4 Qb6 20. b3 g5 0-1

[Event "Early-Titled-Tuesday-Blitz-September-05-2023"]
[Site "Chess.com"]
[Date "2023.09.05"]
[Round "2"]
[White "Duhless"]
[Black "Hoshka"]
[Result "1-0"]
[WhiteElo "3011"]
[BlackElo "2047"]
[TimeControl "180+1"]
[EndTime "8:15:13 PDT"]
[Termination "Duhless won by resignation"]

1. Nf3 d5 2. g3 Nf6 3. Bg2 e6 4. O-O Be7 5. d3 c5 6. Bf4 Nc6 7. e4 O-O 8. e5 Nd7 9. Re1 b5 10. h4 b4 11. Nbd2 a5 12. h5 h6 13. Nf1 a4 14. N1h2 a3 15. b3 Ba6 16. Ng4 Nd4 17.
Nxd4 cxd4 18. Nh2 Bg5 19. Qg4 Bxf4 20. Qxf4 Qb6 21. Nf3 f6 22. Qxd4 Nc5 23. Nh4 Rac8 24. Ng6 Rf7 25. exf6 Rxf6 26. Ne7+ Kf7 27. Nxc8 Bxc8 28.
Re3 Qd6 29. Qxb4 e5 30. d4 exd4 31. Qxd4 Bb7 32. Rae1 Ne6 33. Qa7 Qc6 34. c4 Nc7 35. Re7+ Kg8 36. Qb8+ Ne8 37. Rxe8+ 1-0

[Event "Early-Titled-Tuesday-Blitz-September-05-2023"]
[Site "Chess.com"]
[Date "2023.09.05"]
[Round "2"]
[White "frederiksvane"]
[Black "Fh2411"]
[Result "1-0"]
[WhiteElo "2932"]
[BlackElo "2614"]
[TimeControl "180+1"]
[EndTime "8:15:14 PDT"]
[Termination "frederiksvane won by resignation"]

1. c4 e6 2. Nc3 Bb4 3. Qb3 a5 4.
a3 Be7 5. d4 Nf6 6. Nf3 O-O 7.
Bf4 d6 8. e4 a4 9. Qc2 Bd7 10.
Bd3 g6 11. e5 Nh5 12. Bh6 Re8 13. O-O-O Nc6 14. h4 Na5 15. g4 Nb3+ 16. Kb1 Ng7 17. h5 Bc6 18. d5 exd5 19. cxd5 Bd7 20. hxg6 hxg6 21. e6 fxe6 22. Bxg6 Bf6 23. Ng5 Bxg5 24. Bh7+ Kf8 25. Bxg7+ 1-0

[Event "Early-Titled-Tuesday-Blitz-September-05-2023"]
[Site "Chess.com"]
[Date "2023.09.05"]
[Round "2"]
[White "venturov"]
[Black "Dave_ChessMate"]
[Result "0-1"]
[WhiteElo "2380"]
[BlackElo "2736"]
[TimeControl "180+1"]
[EndTime "8:15:14 PDT"]
[Termination "Dave_ChessMate won by resignation"]

1. e4 c6 2. d4 d5 3. exd5 cxd5 4. c4 Nf6 5. Nc3 e6 6. Nf3 Bb4 7. a3 Bxc3+ 8. bxc3 O-O 9. Bd3 dxc4 10. Bxc4 Qc7 11. Qe2 b6 12. Bd2 Bb7 13. Bd3 Nbd7 14. O-O Nd5 15.
Rac1 Nf4 16. Bxf4 Qxf4 17. Qe3 Qd6 18. Rfe1 Rac8 19. Ng5 Nf6 20. Qh3 h6 21. Ne4 Nxe4 22.
Bxe4 Bxe4 23. Rxe4 Qxa3 24. Qe3 b5 25. Rg4 Kh8 26.
Rg3 b4 27. Re1 Rxc3 28. Qe5 Rxg3 29. hxg3 Qc3 30. Re3 Qc1+ 31. Kh2 Qc4 32. g4 b3 33.
g5 h5 34. Rh3 b2 35. Rxh5+ Kg8 36. g6 fxg6 37. Rg5 b1=Q 0-1

[Event "Early-Titled-Tuesday-Blitz-September-05-2023"]
[Site "Chess.com"]
[Date "2023.09.05"]
[Round "2"]
[White "temiksmozg"]
[Black "Angry_Twin"]
[Result "0-1"]
[WhiteElo "2633"]
[BlackElo "2950"]
[TimeControl "180+1"]
[EndTime "8:15:18 PDT"]
[Termination "Angry_Twin won by checkmate"]

1. d4 Nf6 2. c4 e6 3. Nf3 d5 4. Nc3 c6 5. e3 Nbd7 6. Qc2 Bd6 7.
b3 O-O 8. Bb2 b6 9. Be2 Bb7 10.
O-O Qe7 11. e4 dxe4 12. Nxe4 Nxe4 13. Qxe4 f5 14. Qc2 c5 15. Rad1 Nf6 16. dxc5 Bxc5 17. Ne5 Rfd8 18. Bf3 Ne4 19. Qe2 Rxd1 20. Qxd1 Rd8 21.
Nd3 Nxf2 22. Rxf2 Bxf2+ 23. Kxf2 Be4 24. Be2 Qh4+ 25. Kg1 Qg5 26. Qc1 Qxg2# 0-1

[Event "Early-Titled-Tuesday-Blitz-September-05-2023"]
[Site "Chess.com"]
[Date "2023.09.05"]
[Round "2"]
[White "FREDERICKtheMATE"]
[Black "Dmitry_Konenkin"]
[Result "0-1"]
[WhiteElo "2534"]
[BlackElo "2402"]
[TimeControl "180+1"]
[EndTime "8:15:19 PDT"]
[Termination "Dmitry_Konenkin won by resignation"]

1. c4 c5 2. Nf3 Nf6 3. g3 d5 4. cxd5 Nxd5 5. Bg2 Nc7 6. O-O Nc6 7. Nc3 e5 8. b3 Be7 9. Bb2 Be6 10. Rc1 O-O 11.
Ne4 b6 12. Nxe5 Nxe5 13. Bxe5 Bd5 14. d4 Ne6 15. dxc5 Nxc5 16. Nxc5 Bxg2 17. Kxg2 Bxc5 18. Rc2 Qe7 19. Bc3 Rfd8 20. Rd2 Rxd2 21. Qxd2 Rd8 22. Qc2 Rc8 23. Qb2 Qe4+ 24. f3 Qg6 25. Rd1 Re8 26.
Rd7 a5 27. Qd2 Qb1 28. e4 Qg1+ 29. Kh3 Qf1+ 30. Kg4 h5+ 31. Kf4 g5+ 32. Kxg5 Qxf3 33. Qf4 Be3 0-1

[Event "Early-Titled-Tuesday-Blitz-September-05-2023"]
[Site "Chess.com"]
[Date "2023.09.05"]
[Round "2"]
[White "ilushka"]
[Black "binbin239"]
[Result "1-0"]
[WhiteElo "2401"]
[BlackElo "2534"]
[TimeControl "180+1"]
[EndTime "8:15:21 PDT"]
[Termination "ilushka won by resignation"]

1. e4 c5 2. Nf3 Nc6 3. Bb5 g6 4. O-O Bg7 5. Re1 Nf6 6. h3 O-O 7. c3 Qb6 8. Bf1 Rd8 9. Na3 d5 10. e5 Ne8 11. d4 f6 12. exf6 Nxf6 13. Qb3 Qxb3 14. axb3 Ne4 15. Bf4 cxd4 16. cxd4 Nxd4 17. Nxd4 Bxd4 18. Nb5 Bxf2+ 19. Kh2 Bxe1 20. Rxe1 Bd7 21. Nc7 Rac8 22. Nxd5 Bc6 23. Nxe7+ Kf7 24. Nxc8 Rxc8 25. Bc4+ Kf6 26. Rf1 Ke7 27. Bh6 Nd6 28. Bg5+ Kd7 29. Rd1 Rf8 30. Bh4 h6 31. Bg3 Rf6 32. Be5 Rf2 33.
Rxd6+ Ke7 34. Rxg6 Be4 35. Rg7+ Kf8 36. Rg4 1-0

[Event "Early-Titled-Tuesday-Blitz-September-05-2023"]
[Site "Chess.com"]
[Date "2023.09.05"]
[Round "2"]
[White "MikeSailer"]
[Black "Haykoooo0o"]
[Result "0-1"]
[WhiteElo "2171"]
[BlackElo "2466"]
[TimeControl "180+1"]
[EndTime "8:15:25 PDT"]
[Termination "Haykoooo0o won by resignation"]

1. d4 Nf6 2. Nc3 d5 3. Bf4 c6 4. Nf3 Bf5 5. Ne5 Nbd7 6. e3 Nxe5 7. dxe5 Nd7 8. g4 Bg6 9. h4 h6 10. Bd3 Bxd3 11. Qxd3 e6 12. O-O-O a5 13. g5 Nc5 14.
Qd4 a4 15. gxh6 gxh6 16. Rdg1 a3 17. b3 b5 18. Rg4 b4 19. Nd1 Ne4 20. f3 c5 21. Qd3 c4 22. Qe2 cxb3 23. cxb3 Rc8+ 24. Kb1 Qc7 25. Qb5+ Kd8 0-1

[Event "Early-Titled-Tuesday-Blitz-September-05-2023"]
[Site "Chess.com"]
[Date "2023.09.05"]
[Round "2"]
[White "PattyCastillo"]
[Black "Rosh1610"]
[Result "0-1"]
[WhiteElo "1998"]
[BlackElo "2441"]
[TimeControl "180+1"]
[EndTime "8:15:27 PDT"]
[Termination "Rosh1610 won by resignation"]

1. d4 Nf6 2. Nf3 e6 3. e3 d5 4. Bd3 Bd6 5. O-O O-O 6. b3 Ne4 7.
Bb2 f5 8. c4 b6 9. Nbd2 Bb7 10.
Qc2 Nd7 11. Rfd1 g5 12. Ne5 Bxe5 13. dxe5 g4 14. cxd5 exd5 15. e6 Ndf6 16. Rac1 c5 17. Be5 Qe7 18. Nxe4 fxe4 19. Be2 Qxe6 20. Qb2 h5 21. Rd2 Nd7 22. Bf4 Rae8 23. Rcd1 Kh7 24. Bb5 Re7 25. Bg5 Ref7 26. Bh4 Ne5 27. Bg3 Ng6 28.
Rxd5 Bxd5 29. Rxd5 Qxd5 30. Bc4 Qd1+ 0-1

[Event "Early-Titled-Tuesday-Blitz-September-05-2023"]
[Site "Chess.com"]
[Date "2023.09.05"]
[Round "2"]
[White "AlphaPerseii"]
[Black "Aygehovit1992"]
[Result "0-1"]
[WhiteElo "2418"]
[BlackElo "2702"]
[TimeControl "180+1"]
[EndTime "8:15:28 PDT"]
[Termination "Aygehovit1992 won by resignation"]

1. e4 c5 2. Nf3 d6 3. d4 cxd4 4.
Qxd4 Nc6 5. Bb5 Bd7 6. Qd3 g6 7.
c4 Bg7 8. Nc3 Nf6 9. h3 O-O 10.
O-O Rc8 11. Be3 a6 12. Bxc6 Bxc6 13. Rac1 b5 14. cxb5 axb5 15. Nd5 Bxd5 16. exd5 Rxc1 17. Rxc1 Qa8 18. Rc6 Qxa2 19. Qxb5 Nxd5 20. Bd4 Bxd4 21. Nxd4 Qb1+ 22. Kh2 Qe4 23. Rc4 Qf4+ 24. Kg1 Ra8 25.
g3 Ra1+ 26. Kg2 Ne3+ 0-1

[Event "Early-Titled-Tuesday-Blitz-September-05-2023"]
[Site "Chess.com"]
[Date "2023.09.05"]
[Round "2"]
[White "DanielDardha2005"]
[Black "TomsKantans"]
[Result "1-0"]
[WhiteElo "2952"]
[BlackElo "2633"]
[TimeControl "180+1"]
[EndTime "8:15:30 PDT"]
[Termination "DanielDardha2005 won by resignation"]

1. e4 c5 2. Nf3 Nf6 3. d3 Nc6 4. g3 g6 5. Bg2 Bg7 6. O-O O-O 7. c3 e5 8. Re1 d5 9. Nbd2 Re8 10. a4 d4 11. Nc4 h6 12. Qc2 Qc7 13. Bd2 Be6 14. cxd4 Nxd4 15. Nxd4 cxd4 16. Rec1 Rac8 17. Qd1 Rb8 18.
Bb4 Bxc4 19. Rxc4 Qd7 20. Qf1 b5 21. axb5 Rxb5 22. Rac1 Bf8 23. Rc7 Qe6 24. Bxf8 Rxf8 25. R1c6 1-0

[Event "Early-Titled-Tuesday-Blitz-September-05-2023"]
[Site "Chess.com"]
[Date "2023.09.05"]
[Round "2"]
[White "pouya21"]
[Black "viktorgen2021"]
[Result "0-1"]
[WhiteElo "2819"]
[BlackElo "2448"]
[TimeControl "180+1"]
[EndTime "8:15:35 PDT"]
[Termination "viktorgen2021 won by resignation"]

1. e4 g6 2. d4 Bg7 3. Nc3 d6 4. Nf3 Nf6 5. Be2 O-O 6. O-O c6 7. a4 a5 8. h3 Qc7 9. Bf4 Nbd7 10. e5 Nd5 11. exd6 exd6 12. Nxd5 cxd5 13. c3 Nf6 14. Nd2 Qb6 15. Qb3 Qd8 16. Bf3 Be6 17. Qxb7 Rb8 18. Qc6 Rb6 19. Qb5 Rxb5 20. axb5 Qb6 21. Be2 Bd7 22.
Ra2 Re8 23. Bd3 Bxb5 24. Bxb5 Qxb5 25. Bxd6 Ne4 26. Nxe4 dxe4 27. Bf4 Bf6 28. Rfa1 Ra8 29. Bc7 a4 30. Bf4 Bg5 31. Bxg5 Qxg5 32. Rxa4 Rxa4 33.
Rxa4 Qc1+ 34. Kh2 Qxb2 35. Kg1 Qxc3 36. d5 Qe1+ 37. Kh2 e3 38. fxe3 0-1

[Event "Early-Titled-Tuesday-Blitz-September-05-2023"]
[Site "Chess.com"]
[Date "2023.09.05"]
[Round "2"]
[White "Caterpiller35"]
[Black "MusicCityMaster"]
[Result "1-0"]
[WhiteElo "2524"]
[BlackElo "2332"]
[TimeControl "180+1"]
[EndTime "8:15:35 PDT"]
[Termination "Caterpiller35 won by resignation"]

1. d4 Nf6 2. Bg5 c5 3. d5 d6 4.
Nc3 Nbd7 5. e4 a6 6. a4 g6 7.
Nf3 Bg7 8. Be2 O-O 9. O-O Rb8 10. Re1 Ng4 11. h3 Nge5 12. Nxe5 Nxe5 13. Qd2 f5 14. f4 Nf7 15. Bh4 fxe4 16. Nxe4 Bxb2 17. Rab1 Bd4+ 18.
Kh1 Bd7 19. a5 Bg7 20. Rb6 Re8 21. Nxd6 Nxd6 22. Rxd6 Qc8 23. Rb6 Bxh3 24. Bc4 Kh8 25. Bxe7 Bf5 26. d6 Qd7 27. Re5 Qa4 28. Rxf5 Qa1+ 29.
Kh2 gxf5 30. d7 Bd4 31. dxe8=Q+ Rxe8 32. Qxd4+ Qxd4 33. Bf6+ Qxf6 34. Rxf6 Re4 35. Bd3 Rxf4 36. Rxf5 Ra4 37. Rxc5 Kg7 38. Rc7+ Kf6 39. Rxb7 Rxa5 40. Rxh7 Ra1 41. Rh6+ Kg5 42. Rxa6 1-0

[Event "Early-Titled-Tuesday-Blitz-September-05-2023"]
[Site "Chess.com"]
[Date "2023.09.05"]
[Round "2"]
[White "IsuruAlahakoon"]
[Black "Boundless_Strike"]
[Result "0-1"]
[WhiteElo "2268"]
[BlackElo "2494"]
[TimeControl "180+1"]
[EndTime "8:15:35 PDT"]
[Termination "Boundless_Strike won by resignation"]

1. Nf3 d6 2. d4 e5 3. dxe5 Bg4 4. h3 Bh5 5. Nc3 Nc6 6. g4 Bg6 7. exd6 Bxd6 8. Bg5 f6 9. Bd2 Qe7 10. Nd5 Qe4 11. Nc3 Qe6 12. Bg2 O-O-O 13. O-O h5 14. g5 Bf5 15. h4 Nge7 16. e4 Bh3 17. Qe2 Bxg2 18. Kxg2 Qg4+ 19. Kh1 Qh3+ 20. Kg1 Nd4 21. e5 Nxe2+ 0-1

[Event "Early-Titled-Tuesday-Blitz-September-05-2023"]
[Site "Chess.com"]
[Date "2023.09.05"]
[Round "2"]
[White "isla88"]
[Black "yoelpolanco"]
[Result "1-0"]
[WhiteElo "2480"]
[BlackElo "2229"]
[TimeControl "180+1"]
[EndTime "8:15:37 PDT"]
[Termination "isla88 won by resignation"]

1. d4 Nf6 2. Nf3 e6 3. Bf4 c5 4.
c3 Be7 5. e3 O-O 6. Nbd2 d6 7.
Bd3 b6 8. O-O Nh5 9. Bg3 Nxg3 10.
hxg3 Bb7 11. e4 Nd7 12. Qe2 g6 13. Rad1 Qc7 14. Rc1 Rfe8 15. Rfd1 Bf8 16. Nf1 a6 17. Ne3 b5 18. g4 c4 19. Bb1 Bg7 20. g5 a5 21. Ng4 Qd8 22. Qe3 f6 23. gxf6 Nxf6 24. Nxf6+ Bxf6 25. e5 Bxf3 26. exf6 Bd5 27. Qg5 Qd7 28.
Bxg6 hxg6 29. Qxg6+ Kh8 30. f7 Be4 31. Qh6+ 1-0

[Event "Early-Titled-Tuesday-Blitz-September-05-2023"]
[Site "Chess.com"]
[Date "2023.09.05"]
[Round "2"]
[White "starplatinum2030"]
[Black "sokidze"]
[Result "0-1"]
[WhiteElo "2415"]
[BlackElo "2751"]
[TimeControl "180+1"]
[EndTime "8:15:38 PDT"]
[Termination "sokidze won by resignation"]

1. Nf3 d5 2. g3 c5 3. Bg2 Nc6 4. c4 d4 5. d3 e5 6. O-O Nf6 7. Na3 Be7 8. Nc2 O-O 9. Rb1 h6 10. a3 a5 11. e3 dxe3 12. fxe3 e4 13. dxe4 Qxd1 14. Rxd1 Nxe4 15. Nd2 Bg4 16. Re1 Nd6 17.
e4 Ne5 18. Ne3 Nd3 19. Nxg4 Nxe1 20. e5 Nf5 21. Bxb7 Rab8 22. Bd5 Nd3 23. b3 Nxc1 24. Rxc1 Bg5 25. Rd1 h5 26. Ne4 Be7 27. Ngf2 Rxb3 28.
a4 Ne3 29. Re1 Rd8 30. Bc6 Nxc4 31. e6 Ne5 32. exf7+ Kf8 33. Be8 Nf3+ 34. Kf1 Nxe1 35. Kxe1 Rxe8 0-1

[Event "Early-Titled-Tuesday-Blitz-September-05-2023"]
[Site "Chess.com"]
[Date "2023.09.05"]
[Round "2"]
[White "Abund"]
[Black "hsd2016"]
[Result "1-0"]
[WhiteElo "2713"]
[BlackElo "2273"]
[TimeControl "180+1"]
[EndTime "8:15:39 PDT"]
[Termination "Abund won by checkmate"]

1. e4 c5 2. Nf3 e6 3. c3 d5 4.
exd5 exd5 5. d4 cxd4 6. Nxd4 Nc6 7. Be3 Nf6 8. Be2 Be7 9. Nd2 O-O 10. O-O Re8 11.
Re1 Bd7 12. h3 Rc8 13. N2b3 b6 14. Ba6 Rb8 15. Bf4 Nxd4 16. Nxd4 Ne4 17. Bxb8 Qxb8 18. Bb5 Bxb5 19. Nxb5 Qf4 20. Qf3 Qg5 21. Nc7 Rd8 22.
Nxd5 Rxd5 23. Qxe4 Bf8 24. Rad1 Rf5 25. Qa8 Qf4 26.
Qxf8+ Kxf8 27. Rd8# 1-0

[Event "Early-Titled-Tuesday-Blitz-September-05-2023"]
[Site "Chess.com"]
[Date "2023.09.05"]
[Round "2"]
[White "Dixit_Nikhil"]
[Black "AlexandraSamaganova"]
[Result "1-0"]
[WhiteElo "2493"]
[BlackElo "2274"]
[TimeControl "180+1"]
[EndTime "8:15:42 PDT"]
[Termination "Dixit_Nikhil won by resignation"]

1. e4 c5 2. Nf3 e6 3. d4 cxd4 4. Nxd4 a6 5. c4 Qc7 6. Nc3 Nf6 7. Nc2 b6 8. f4 d6 9. Bd3 Bb7 10. Qe2 Nbd7 11. Bd2 Be7 12. O-O O-O 13. Rac1 Rac8 14. Nd4 Qb8 15. b4 Rfe8 16. a3 Bd8 17. Be3 Bc7 18.
Nf3 Qa8 19. Bd2 d5 20. cxd5 exd5 21. e5 Ne4 22. Bxe4 dxe4 23. Ng5 f5 24. Qc4+ Bd5 25. Nxd5 1-0

[Event "Early-Titled-Tuesday-Blitz-September-05-2023"]
[Site "Chess.com"]
[Date "2023.09.05"]
[Round "2"]
[White "Samatsa"]
[Black "ChessboArt"]
[Result "1-0"]
[WhiteElo "2477"]
[BlackElo "2227"]
[TimeControl "180+1"]
[EndTime "8:15:42 PDT"]
[Termination "Samatsa won on time"]

1. d4 Nf6 2. c4 g6 3. Nc3 Bg7 4. e4 d6 5. Bd3 O-O 6. Nge2 e5 7. d5 Nh5 8. h3 f5 9. exf5 gxf5 10.
g4 Nf6 11. gxf5 Na6 12. Rg1 Nc5 13. Bh6 Rf7 14. Bc2 Ne8 15. Qd2 Bxf5 16. Bxf5 Rxf5 17. b4 Nd7 18. Ng3 Rf7 19. Nh5 Qh4 20. Qe2 Qd4 21.
Rg3 Kh8 22. Rd1 Qh4 23. Bg5 1-0

[Event "Early-Titled-Tuesday-Blitz-September-05-2023"]
[Site "Chess.com"]
[Date "2023.09.05"]
[Round "2"]
[White "Langua_Chess"]
[Black "PeshkaCh"]
[Result "0-1"]
[WhiteElo "2481"]
[BlackElo "2790"]
[TimeControl "180+1"]
[EndTime "8:15:44 PDT"]
[Termination "PeshkaCh won by resignation"]

1. d4 Nf6 2. c4 e6 3. Nc3 d5 4. cxd5 exd5 5. Bg5 Be7 6. e3 O-O 7. Bd3 h6 8. Bh4 c6 9. Nge2 Re8 10. O-O Nh5 11. Bxe7 Qxe7 12. Qc2 a5 13. Rae1 Na6 14. a3 Nc7 15. Na4 Ne6 16. Nb6 Rb8 17. Bf5 Qc7 18. Nxc8 Rbxc8 19. b4 axb4 20. axb4 Qd6 21. Qb3 g6 22.
Bh3 Ra8 23. Ra1 Ng5 24. Bg4 Nf6 25. Bf3 Nxf3+ 26. gxf3 Qe6 27. b5 Qh3 28. Ng3 h5 29.
bxc6 bxc6 30. Rxa8 Rxa8 31. Qb7 Rc8 32. Ra1 h4 33.
Ra8 Rxa8 34. Qxa8+ Kg7 35. Nf1 Qxf3 36. Qb8 g5 37. Qe5 Kg6 38. Nd2 Qg4+ 39. Kf1 Qd1+ 0-1

[Event "Early-Titled-Tuesday-Blitz-September-05-2023"]
[Site "Chess.com"]
[Date "2023.09.05"]
[Round "2"]
[White "Zarinur"]
[Black "Al_Shima"]
[Result "1-0"]
[WhiteElo "2528"]
[BlackElo "2333"]
[TimeControl "180+1"]
[EndTime "8:15:46 PDT"]
[Termination "Zarinur won by resignation"]

1. e4 e5 2. Nf3 Nf6 3. Nc3 Nc6 4. Bb5 d6 5. d4 exd4 6. Nxd4 Bd7 7. Bxc6 bxc6 8. O-O c5 9. Nf3 Be7 10. e5 Ng4 11. Bf4 O-O 12. exd6 cxd6 13. Bxd6 Bc6 14. Bxe7 Qxe7 15. h3 Ne5 16. Nxe5 Qxe5 17. Re1 Qg5 18. Qg4 Qxg4 19. hxg4 Rab8 20. b3 Rfe8 21. f3 f6 22. Kf2 Kf7 23. Rad1 Red8 24. Nb1 h6 25.
Na3 Bd5 26. Rd2 Be6 27. Rde2 Rb6 28. c4 a6 29. Nb1 Rd3 30. Re3 Rxe3 31. Kxe3 a5 32.
Nc3 Rd6 33. Rd1 Rxd1 34. Nxd1 a4 35. Nc3 axb3 36. axb3 Ke7 37. Ne4 Bc8 38. Nxc5 Kd6 39. Ne4+ Kc6 40. Kd4 f5 41. gxf5 Bxf5 42. b4 Be6 43.
Kc3 Bf7 44. b5+ Kb6 45. Kb4 Kc7 46. c5 Bd5 47. b6+ Kc6 48. Nc3 Be6 49. Ne2 Bc8 50.
Nd4+ Kd5 51. c6 Kxd4 52. b7 1-0

[Event "Early-Titled-Tuesday-Blitz-September-05-2023"]
[Site "Chess.com"]
[Date "2023.09.05"]
[Round "2"]
[White "lamomiajunior"]
[Black "kasun_bole"]
[Result "1-0"]
[WhiteElo "2687"]
[BlackElo "2383"]
[TimeControl "180+1"]
[EndTime "8:15:47 PDT"]
[Termination "lamomiajunior won by resignation"]

1. d4 Nf6 2. c4 e6 3. Nc3 Bb4 4.
e3 O-O 5. Bd2 d6 6. a3 Bxc3 7.
Bxc3 Nbd7 8. Nf3 Qe7 9. Be2 Re8 10. O-O e5 11. b4 exd4 12. Nxd4 Ne5 13. Bb2 Bd7 14. Qc2 Ng6 15. Rad1 Bg4 16. Bxg4 Nxg4 17.
Nf5 Qg5 18. Nxg7 Nh4 19. Nxe8 Ne5 20. f4 Nef3+ 21. Kh1 Qg6 22. Qxg6+ 1-0

[Event "Early-Titled-Tuesday-Blitz-September-05-2023"]
[Site "Chess.com"]
[Date "2023.09.05"]
[Round "2"]
[White "Sargsyan_Shant"]
[Black "Maus7"]
[Result "1-0"]
[WhiteElo "2934"]
[BlackElo "2485"]
[TimeControl "180+1"]
[EndTime "8:15:50 PDT"]
[Termination "Sargsyan_Shant won by resignation"]

1. c4 Nf6 2. g3 c6 3. Nf3 d5 4.
Bg2 dxc4 5. O-O Nbd7 6. Qc2 Nb6 7. a4 a5 8. Na3 Be6 9. Ne5 Qd4 10. Nxc6 bxc6 11. Bxc6+ Nfd7 12. Nb5 Qe5 13. Bxa8 Nxa8 14. d4 Qf5 15. e4 Qg6 16. f4 f5 17. d5 Bf7 18.
Be3 fxe4 19. Qxc4 Ndb6 20. Nc7+ Kd7 21. Qb5+ Kxc7 22. Rac1+ Kb7 23. Rc6 Be8 24. Rfc1 Qh5 25. Rxb6+ 1-0

[Event "Early-Titled-Tuesday-Blitz-September-05-2023"]
[Site "Chess.com"]
[Date "2023.09.05"]
[Round "2"]
[White "Larina_Maria"]
[Black "Emp3rador"]
[Result "0-1"]
[WhiteElo "2198"]
[BlackElo "2471"]
[TimeControl "180+1"]
[EndTime "8:15:50 PDT"]
[Termination "Emp3rador won by resignation"]

1. e4 e6 2. d4 d5 3. Nc3 dxe4 4. Nxe4 Nd7 5. Nf3 Ngf6 6. Bg5 Be7 7. Nxf6+ Nxf6 8. Bd3 O-O 9. Qe2 c5 10. O-O-O cxd4 11. Kb1 Qb6 12. Nxd4 Nd5 13. Bxe7 Nc3+ 14. Ka1 Nxe2 15. Bxf8 Nxd4 16. Ba3 e5 17. Rhe1 Qf6 18.
f3 Bf5 19. c3 Nc6 20. Bb5 Rd8 21. Rxd8+ Qxd8 22. g4 Be6 23. Ba4 h6 24. Rd1 Qh4 25.
Bc2 Qxh2 26. Be4 Qe2 27. Rc1 g6 28. Bc5 Qc4 29. b3 Qxc5 0-1

[Event "Early-Titled-Tuesday-Blitz-September-05-2023"]
[Site "Chess.com"]
[Date "2023.09.05"]
[Round "2"]
[White "Gareth-Bale11"]
[Black "aakankshachess"]
[Result "1-0"]
[WhiteElo "2789"]
[BlackElo "2421"]
[TimeControl "180+1"]
[EndTime "8:15:52 PDT"]
[Termination "Gareth-Bale11 won by resignation"]

1. d4 Nf6 2. Nf3 e6 3. Bf4 d5 4. e3 b6 5. Nbd2 Bb7 6. Ne5 Nbd7 7. Bd3 Be7 8. Qf3 O-O 9. h4 c5 10. c3 Rc8 11. g4 Nxe5 12. dxe5 Nd7 13. g5 Bc6 14. Rg1 Qc7 15. Qg3 Qd8 16. h5 b5 17.
Nf3 a5 18. g6 fxg6 19. hxg6 h6 20. Bxh6 gxh6 21. g7 Rxf3 22. Qg6 Rf5 23. Qxe6+ 1-0

[Event "Early-Titled-Tuesday-Blitz-September-05-2023"]
[Site "Chess.com"]
[Date "2023.09.05"]
[Round "2"]
[White "seopie"]
[Black "amylazy"]
[Result "0-1"]
[WhiteElo "2810"]
[BlackElo "2445"]
[TimeControl "180+1"]
[EndTime "8:15:53 PDT"]
[Termination "amylazy won by resignation"]

1. e4 c5 2. Nf3 e6 3. d4 cxd4 4. Nxd4 a6 5. c4 Nf6 6. Nc3 Qc7 7.
a3 b6 8. Be3 Bb7 9. f3 d6 10. Rc1 Nbd7 11. Be2 Be7 12. O-O O-O 13.
b4 Rac8 14. Na4 Qb8 15. Nb3 Ba8 16. Nc3 Ne5 17. Na4 Nfd7 18. Nb2 Rfe8 19. Qd2 h5 20. Rfd1 h4 21. h3 Nf6 22. Qd4 Nfd7 23. Na4 b5 24.
cxb5 axb5 25. Nb6 Nxb6 26. Qxb6 Qxb6 27. Bxb6 Nc4 28. Bxc4 bxc4 29. Na5 d5 30. exd5 Bxd5 31. Bd4 Bg5 32. Rc3 Red8 33. Bf2 Bf6 34. Rc2 c3 35. b5 Ra8 36. Nc6 Bxc6 37. Rxd8+ Rxd8 38. bxc6 Rd1+ 39. Kh2 Be5+ 40. g3 hxg3+ 41. Bxg3 Rd2+ 0-1

[Event "Early-Titled-Tuesday-Blitz-September-05-2023"]
[Site "Chess.com"]
[Date "2023.09.05"]
[Round "2"]
[White "Zkid"]
[Black "JaloliddinIlkhomi"]
[Result "1-0"]
[WhiteElo "2853"]
[BlackElo "2581"]
[TimeControl "180+1"]
[EndTime "8:15:57 PDT"]
[Termination "Zkid won by resignation"]

1. e4 e6 2. d4 d5 3. Nd2 Nf6 4. e5 Nfd7 5. Bd3 c5 6. c3 Nc6 7. Ne2 cxd4 8. cxd4 f6 9. exf6 Qxf6 10. Nf3 h6 11. O-O Bd6 12. b3 O-O 13. Bb2 Rf7 14. Rc1 Nf8 15. Ng3 Rc7 16. Re1 Bd7 17. a3 Be8 18. b4 a6 19. Ne5 Rac8 20. Qg4 Nxe5 21.
dxe5 Rxc1 22. exf6 Rxe1+ 23. Nf1 g5 24. h4 Bf4 25. g3 Bc1 26. Bxc1 Rcxc1 27. hxg5 h5 28. Qf3 Bg6 29. Kg2 Rxf1 30. f7+ Kh7 31. Bxf1 Be4 32. Bd3 Bxd3 33. Qxd3+ Kg7 34. Qd4+ Kxf7 35. Qf4+ 1-0